 Dungeon Sprint DCSS version 0.31-a0-1-g4198be8af4 (webtiles) character file.

Game seed: 15981319896410376811

1161 rocky1 the Thaumaturge (level 8, 0/41 HPs)
             Began as a Deep Elf Earth Elementalist on Apr 30, 2023.
             Was a High Priest of Sif Muna.
             Slain by a demonic crawler (8 damage)
             ... while paralysed by a floating eye
             ... in the Dungeon (Sprint VII: "The Pits").
             The game lasted 00:03:49 (1644 turns).

rocky1 the Thaumaturge (DEEE)                       Turns: 1644, Time: 00:03:51

Health: 0/41       AC:  2    Str:  5    XL:     8   Next: 16%
Magic:  18/24      EV:  2    Int: 23    God:    Sif Muna [*****.]
Gold:   0          SH:  0    Dex: 15    Spells: 23/27 levels left

rFire   . . .        k - +1 quarterstaff (protect)
rCold   . . .        (shield currently unavailable)
rNeg    . . .        a - +0 robe
rPois   .            (no helmet)
rElec   .            (no cloak)
rCorr   .            (no gloves)
SInv    .            (no boots)
Will    .....        (no amulet)
Stlth   ++           (no ring)
HPRegen 0.26/turn    (no ring)
MPRegen 0.19/turn

%: no teleportation
@: paralysed
A: no striking features
a: Renounce Religion, Channel Magic, Forget Spell, Divine Exegesis


You were in the Dungeon.
You worshipped Sif Muna.
Sif Muna was extremely pleased with you.
You visited 1 branch

Inventory:

Hand Weapons
 k - a +1 quarterstaff of protection (weapon)
Armour
 a - a +0 robe (worn)
Scrolls
 i - 5 scrolls of amnesia
 j - a scroll of butterflies
Potions
 b - 4 potions of magic
 c - 6 potions of curing
 d - 4 potions of heal wounds
 e - a potion of haste
 f - 3 potions of berserk rage
 h - 2 potions of invisibility


   Skills:
 - Level 2.4 Dodging
 - Level 2.4 Stealth
 + Level 10.0 Spellcasting
 + Level 8.0 Conjurations
 + Level 0.0 Summonings
 - Level 1.1 Transmutations
 + Level 8.0 Fire Magic
 + Level 7.4 Air Magic
 + Level 8.8 Earth Magic
 + Level 7.9 Invocations


You had 23 spell levels left.
You knew the following spells:

 Your Spells              Type           Power      Damage    Failure   Level
a - Sandblast             Erth           100%       2d20      1%          1
b - Stone Arrow           Conj/Erth      100%       3d13      1%          3

Your spell library contained the following spells:

 Spells                   Type           Power      Damage    Failure   Level
 Passwall                 Tmut/Erth      28%        N/A       1%          2
 Iskenderun's Battlesphe  Conj           48%        2d10      6%          5
 Petrify                  Tmut/Erth      34%        N/A       8%          4
 Iron Shot                Conj/Erth      25%        9d5       26%         6
 Spellforged Servitor     Conj/Summ      14%        N/A       100%        7


Dungeon Overview and Level Annotations

Branches:
Dungeon (1/1)

Altars:
Ashenzari
Cheibriados
Dithmenos
Elyvilon
Fedhas
Gozag
Hepliaklqana
Kikubaaqudgha
Makhleb
Nemelex Xobeh
Okawaru
Qazlal
Ru
Sif Muna
Trog
Uskayaw
Vehumet
Wu Jian
Xom
Yredelemnul
Zin
The Shining One
Jiyva
Lugonu


Message History

Sif Muna accepts your kill.
You see here a book of Power.
Sif Muna grants you a gift!
You pick up a book of Power and begin reading...
You add the spells Iskenderun's Battlesphere, Iron Shot and Spellforged Servitor to your library.
You start resting.
Magic restored.
You start waiting.
You start waiting.
Done waiting.
Okay, then.
You open the door.
A floating eye, a basilisk and a demonic crawler come into view.
The demonic crawler gives a hideous shriek!
The basilisk hisses angrily.
The floating eye turns its gaze towards you.
Aiming: Stone Arrow (safe; 1% risk of failure)
Press: ? - help, Q - select action, (/) - cycle Shift-Dir - straight line, f - floating eye
Aim: a floating eye (100% to hit)
The stone arrow hits the floating eye!
The floating eye is heavily wounded.
The floating eye's stare focuses on you.
Aiming: Stone Arrow (safe; 1% risk of failure)
Press: ? - help, Q - select action, (/) - cycle Shift-Dir - straight line, f/p - floating eye
Aim: a floating eye (heavily wounded, fully charged, 100% to hit)
The stone arrow hits the demonic crawler.
The demonic crawler is lightly wounded.
The demonic crawler closely misses you. The demonic crawler hits you!
The demonic crawler misses you. The demonic crawler misses you.
The demonic crawler hits you! The demonic crawler misses you.
The floating eye gazes piercingly through you!
You suddenly lose the ability to move!
The demonic crawler hits you.
The demonic crawler hits you but does no damage.
The demonic crawler hits you!
* * * LOW HITPOINT WARNING * * *
The floating eye's stare focuses on you.
The demonic crawler hits you!
You die...

#.#........##.......#
#.#........##.......#
#)###########.......#
#.......#.. #########
#.###...#.# ####
#.#.....#)#....#
#.#...#.#'#....#
#.....#.#.sG...+
#...###.#@#....#
#.......'.# ...#
########### ###


You could see a demonic crawler and a floating eye (charged).

Vanquished Creatures
  An elephant (D)
  A flying skull (D)
  A fire bat (D)
  A warg (D)
  Menkaure (D)
  A floating eye (D)
  An orc warrior (D)
  A jelly (D)
  An iguana (D)
  A mummy (D)
  A river rat (D)
  An adder skeleton (D)
  3 orcs (D)
  2 endoplasms (D)
  2 giant cockroaches (D)
  A kobold (D)
  A quokka skeleton (D)
21 creatures vanquished.

Notes
Turn   | Place    | Note
-------+----------+-------------------------------------------
     0 | D        | rocky1 the Deep Elf Earth Elementalist began the quest for
                  | the Orb.
     0 | D        | Reached XP level 1. HP: 10/10 MP: 6/6
    40 | D        | Found a bloodstained altar of Trog.
    40 | D        | Found a shimmering blue altar of Sif Muna.
    40 | D        | Found a viscous altar of Jiyva.
    40 | D        | Found a hazy altar of Hepliaklqana.
    40 | D        | Found an opulent altar of Gozag.
    41 | D        | Found a glowing golden altar of the Shining One.
    41 | D        | Found a glowing silver altar of Zin.
    41 | D        | Found a basalt altar of Yredelemnul.
    41 | D        | Found a shimmering altar of Xom.
    41 | D        | Found an ornate altar of the Wu Jian Council.
    41 | D        | Found a sacrificial altar of Ru.
    41 | D        | Found a stormy altar of Qazlal.
    41 | D        | Found an iron altar of Okawaru.
    41 | D        | Found a sparkling altar of Nemelex Xobeh.
    41 | D        | Found a burning altar of Makhleb.
    41 | D        | Found a blossoming altar of Fedhas.
    41 | D        | Found a white marble altar of Elyvilon.
    41 | D        | Found a shadowy altar of Dithmenos.
    41 | D        | Found a snail-covered altar of Cheibriados.
    44 | D        | Found a corrupted altar of Lugonu.
    44 | D        | Found a radiant altar of Vehumet.
    45 | D        | Found an ancient bone altar of Kikubaaqudgha.
    45 | D        | Found a hide-covered altar of Uskayaw.
    45 | D        | Found a broken altar of Ashenzari.
    46 | D        | Became a worshipper of Sif Muna the Loreminder
    78 | D        | Noticed a floating eye
    80 | D        | Paralysed by a floating eye for 3 turns
    87 | D        | Paralysed by a floating eye for 2 turns
    91 | D        | Paralysed by a floating eye for 2 turns
    93 | D        | Killed a floating eye
    94 | D        | Reached skill level 5 in Spellcasting
    94 | D        | Reached skill level 5 in Earth Magic
    94 | D        | Reached XP level 2. HP: 15/15 MP: 5/10
    94 | D        | Reached XP level 3. HP: 19/19 MP: 6/12
    94 | D        | Reached XP level 4. HP: 24/24 MP: 6/13
    98 | D        | Learned a level 3 spell: Stone Arrow
   158 | D        | Reached * piety under Sif Muna
   280 | D        | Reached ** piety under Sif Muna
   390 | D        | Noticed a flying skull
   398 | D        | Noticed a fire bat
   400 | D        | Reached *** piety under Sif Muna
   401 | D        | Reached skill level 6 in Spellcasting
   401 | D        | Reached XP level 5. HP: 16/28 MP: 9/15
   407 | D        | Killed a flying skull
   408 | D        | Reached skill level 7 in Spellcasting
   408 | D        | Reached skill level 5 in Conjurations
   408 | D        | Reached skill level 5 in Fire Magic
   408 | D        | Reached skill level 5 in Air Magic
   408 | D        | Reached skill level 5 in Invocations
   408 | D        | Reached XP level 6. HP: 12/32 MP: 10/18
   494 | D        | Killed a fire bat
   495 | D        | Reached skill level 8 in Spellcasting
   539 | D        | Noticed Menkaure
   543 | D        | Killed Menkaure
   543 | D        | Reached **** piety under Sif Muna
   544 | D        | Reached XP level 7. HP: 36/36 MP: 14/21
   594 | D        | Reached skill level 9 in Spellcasting
   896 | D        | Noticed an elephant
   907 | D        | Killed an elephant
   908 | D        | Reached XP level 8. HP: 29/41 MP: 4/23
  1329 | D        | Reached ***** piety under Sif Muna
  1330 | D        | Reached skill level 10 in Spellcasting
  1331 | D        | Received a gift from Sif Muna
  1640 | D        | Noticed a demonic crawler
  1643 | D        | Paralysed by a floating eye for 3 turns
  1644 | D        | Slain by a demonic crawler

Illustrated notes

Levels and vault maps discovered:
D:        pitsprint [storerooms_1, entrance_room_1, metal_vault_6, armoury_2,
          mini_pit_1, grid_room_1, main_hall_1, silver_pit, the_coven_3,
          the_vestibule_1, steel_vault_5, golden_pit, hallway_of_sentries,
          crystal_vault_1, iron_vault_2, final_vault]

Skill      XL: |  1  2  3  4  5  6  7  8 |
---------------+-------------------------+-----
Spellcasting   | 5 6 7 8 9 10 | 10.0
Conjurations   | 3 4 5 6 7 8 |  8.0
Fire Magic     | 3 4 5 6 7 8 |  8.0
Air Magic      | 3 5 6 7 |  7.4
Earth Magic    | 5 6 7 8 |  8.8
Invocations    | 3 4 5 6 7 |  7.9
Dodging        | |  2.4
Stealth        | |  2.4
Transmutations | |  1.1

Action                     |  1- 3 |  4- 6 |  7- 9 || total
---------------------------+-------+-------+-------++-------
  Melee: Unarmed           |    10 |       |       ||    10
   Cast: Sandblast         |     3 |    15 |       ||    18
         Stone Arrow       |       |    10 |    21 ||    31
    Use: Potion            |       |     2 |     1 ||     3
         Scroll            |       |       |     1 ||     1
 Armour: Robe              |       |     1 |     2 ||     3
  Dodge: Dodged            |       |     9 |    11 ||    20

Table legend: (Time is in decaauts)
 A = Elapsed time spent in this place.
 B = Non-inter-level travel time spent in this place.
 C = Inter-level travel time spent in this place.
 D = Time resting spent in this place.
 E = Time spent auto-exploring this place.
 F = Levels seen in this place.
 G = Mean time per level.
                   A        B        C        D        E       F      G
               +--------+--------+--------+--------+--------+-----+--------+
         Total |   1652 |   1633 |     19 |   1399 |      0 |   1 | 1652.0 |
       Dungeon |   1652 |   1633 |     19 |   1399 |      0 |   1 | 1652.0 |
               +--------+--------+--------+--------+--------+-----+--------+

Top non-repeatable levels by time:
       D: 1652 daAuts
